AoeStats
← PomPom

Arabia

517149671Analyzed
1v1 RM · 8d ago on Oct 29, 2026· 47m 53s· 2 players
Game mode
Random Map
Map size
Tiny (2 player)
Population
200
Speed
Normal
Resources
Standard
Victory
Conquest
Starting age
Dark Age
Ending age
Imperial Age
RankedLock teamsTeams togetherTeam positionsShared explorationLock speedFull tech treeHidden civsTurbo modeCheats
Victory
Defeat
🇻🇳 Burgundians · Vietnam
1748
+16
vs
🇩🇪 Celts · Germany
1758
-16
PomPom
6:31 Loom
8:53 Feudal Age
8:02 Double-Bit Axe
15:12 Padded Archer Armor
15:39 Bow Saw
17:16 Fletching
18:20 Horse Collar
19:07 Heavy Plow
23:35 Castle Age
22:54 Scale Barding Armor
22:59 Forging
22:42 Gold Mining
24:53 Wheelbarrow
23:39 Cavalier
24:20 Bodkin Arrow
25:26 Two-Man Saw
23:51 Crossbowman
27:12 Chain Barding Armor
33:29 Husbandry
34:39 Hand Cart
35:09 Stone Mining
39:36 Imperial Age
38:56 Scale Mail Armor
39:32 Iron Casting
39:57 Two-Man Saw
39:51 Squires
40:06 Chain Mail Armor
40:56 Crop Rotation
41:10 Plate Barding Armor
40:50 Town Watch
42:10 Chain Mail Armor
43:14 Blast Furnace
43:21 Conscription
43:29 Ballistics
44:09 Chemistry
44:11 Plate Mail Armor
45:46 Elite Skirmisher
47:31 Hoardings
46:37 Light Cavalry
47:24 Bracer
47:39 Leather Archer Armor
SbS | Havoc
6:41 Loom
9:11 Feudal Age
9:15 Man-at-Arms
10:08 Arson
10:15 Double-Bit Axe
17:00 Fletching
19:33 Wheelbarrow
19:39 Wheelbarrow
22:50 Castle Age
21:45 Padded Archer Armor
22:52 Elite Skirmisher
23:29 Bodkin Arrow
24:03 Bow Saw
24:47 Scale Mail Armor
29:56 Ballistics
35:41 Pikeman
41:36 Imperial Age
41:39 Halberdier
42:35 Chain Mail Armor
42:53 Forging
43:07 Conscription
42:16 Capped Ram
46:07 Plate Mail Armor
Connection lost

Rejoining the realm…

Still unreachable

The connection could not be restored.

Session expired

The server has moved on; the page needs a fresh start.